 Dungeon Crawl Stone Soup version 0.28-a0-194-g42b4daccc1 (webtiles) character file.

Game seed: 16031880005106927245

86 Spaninq the Slasher (level 4, -5/36 HPs)
             Began as a Palentonga Warper on Aug 18, 2021.
             Was a Believer of Makhleb.
             Slain by a phantom (8 damage)
             ... on level 4 of the Dungeon.
             The game lasted 00:07:14 (3602 turns).

Spaninq the Slasher (Palentonga Warper)             Turns: 3602, Time: 00:07:15

Health: -5/36      AC:  9    Str: 15    XL:     4   Next: 26%
Magic:  7/7        EV:  2    Int: 13    God:    Makhleb [**....]
Gold:   126        SH:  0    Dex: 10    Spells: 7/7 levels left

rFire   . . .      SeeInvis +   t - +0 long sword
rCold   . . .      Faith    .   (no shield)
rNeg    . . .      Spirit   .   j - +0 plate armour
rPois   .          Reflect  .   (no helmet)
rElec   .          Harm     .   (no cloak)
rCorr   .          Rampage  .   i - +0 pair of gloves
Will    +....                   (no barding)
Stlth   ..........              (no amulet)
HPRegen 0.12/turn               g - ring of willpower
MPRegen 0.10/turn               (no ring)

@: no status effects
A: large, rugged brown scales 3, see invisible, deformed body, roll 1, armoured
tail
a: Rolling Charge, Renounce Religion, Minor Destruction


You were on level 4 of the Dungeon.
You worshipped Makhleb.
Makhleb was pleased with you.
You visited 1 branch of the dungeon, and saw 4 of its levels.

You collected 126 gold pieces.

Inventory:

Hand Weapons
 a - a +0 falchion
 t - a +0 long sword (weapon)
Missiles
 d - 5 boomerangs of dispersal (quivered)
 r - 3 boomerangs
Armour
 i - a +0 pair of gloves (worn)
 j - a +0 plate armour (worn)
Jewellery
 g - a ring of willpower (left hand)
 h - a ring of flight
Scrolls
 c - 2 scrolls of blinking
 e - a scroll of torment {unknown}
 l - 3 scrolls of identify {unknown}
 p - a scroll of immolation {unknown}
 q - a scroll of magic mapping {unknown}
 s - a scroll of teleportation {unknown}
Potions
 b - a potion of might {unknown}
 f - a potion of ambrosia {unknown}
 k - 2 potions of curing {unknown}
 m - 2 potions of heal wounds {unknown}
 n - 2 potions of brilliance {unknown}
 o - a potion of flight {unknown}


   Skills:
 + Level 2.7 Fighting
 * Level 3.5 Long Blades
 - Level 0.6 Throwing
 + Level 1.7 Armour
 - Level 1.5 Dodging
 - Level 2.0 Spellcasting
 - Level 3.0 Translocations
 + Level 0.1 Invocations


You had 7 spell levels left.
You didn't know any spells.
Your spell library contained the following spells:

 Spells                   Type           Power      Damage    Failure   Level
 Blink                    Tloc           N/A        N/A       100%        2
 Static Discharge         Conj/Air       1%         N/A       100%        2
 Gell's Gravitas          Tloc           4%         N/A       100%        3
 Lesser Beckoning         Tloc           4%         N/A       100%        3
 Teleport Other           Tloc           9%         N/A       100%        3
 Dispel Undead            Necr           1%         3d6       100%        4
 Sticky Flame             Conj/Fire      1%         2d3       100%        4
 Summon Ice Beast         Ice/Summ       1%         N/A       100%        4
 Manifold Assault         Tloc           9%         N/A       100%        5
 Summon Mana Viper        Hex/Summ       1%         N/A       100%        5
 Monstrous Menagerie      Summ           0%         N/A       100%        7


Dungeon Overview and Level Annotations

Branches:
Dungeon (4/15)
 Temple: D:4-7

Altars:
Makhleb

Annotations:
D:3 2 transporters, Loskel's ghost, amateur MiMo


Innate Abilities, Weirdness & Mutations

You are completely covered in rugged brown scales. (AC +3, +7% HP)
You have supernaturally acute eyesight. (SInv)
Armour fits poorly on your strangely shaped body.
You can roll at nearby foes to attack.
You have a long armoured tail.


Message History

The phantom hits you but does no damage.
You closely miss the phantom.
Your tail-slap misses the phantom.
The phantom is heavily damaged.
The phantom hits you.
The phantom blinks!
You blink.
You closely miss the phantom.
The phantom is heavily damaged.
The phantom barely misses you.
You barely miss the phantom.
The phantom is heavily damaged.
The phantom hits you.
The phantom blinks!
You blink.
You hit the phantom but do no damage.
The phantom is heavily damaged.
The phantom hits you!
The phantom blinks!
You blink.
The phantom hits you but does no damage.
You hit the phantom.
The phantom is severely damaged.
The phantom completely misses you.
You hit the phantom.
The phantom is almost destroyed.
The phantom hits you.
The phantom blinks!
You blink.
You hit the phantom.
The phantom is almost destroyed.
The phantom hits you.
* * * LOW HITPOINT WARNING * * *
The phantom blinks!
You blink.
You closely miss the phantom.
The phantom is almost destroyed.
The phantom hits you but does no damage.
The phantom hits you.
* * * LOW HITPOINT WARNING * * *
You hit the phantom.
The phantom is almost destroyed.
The phantom barely misses you.
Your plate armour prevents you from hitting the phantom.
The phantom is almost destroyed.
The phantom completely misses you.
You hit the phantom but do no damage.
The phantom is almost destroyed.
The phantom hits you!
You die...

#........#
#........#
######.###
#.# #.# #.#
### #.# #<#
#.#####.###
#.W@......#
#######.#.#
#....#.#
#.####.#
#......#
#.####.#
#.# #.# ###
###


You could see a phantom.

Vanquished Creatures
  An adder (D:3)
  A dart slug (D:2)
  5 orcs (D:3)
  7 endoplasms
  A giant cockroach (D:1)
  5 goblins
  5 hobgoblins
  11 jackals
  2 quokkas (D:1)
  8 ball pythons
  2 bats
  2 frilled lizards
  6 kobolds
  4 rats
60 creatures vanquished.

Notes
Turn   | Place    | Note
-------+----------+-------------------------------------------
     0 | D:1      | Spaninq the Palentonga Warper began the quest for the Orb.
     0 | D:1      | Reached XP level 1. HP: 17/17 MP: 3/3
   229 | D:1      | Reached skill level 1 in Armour
   324 | D:1      | Reached XP level 2. HP: 23/23 MP: 5/5
  1385 | D:1      | Reached XP level 3. HP: 23/29 MP: 6/6
  1543 | D:1      | Found a faded altar of an unknown god.
  1553 | D:1      | Became a worshipper of Makhleb the Destroyer
  1553 | D:1      | Reached * piety under Makhleb
  2626 | D:3      | Found a transporter.
  2632 | D:3      | Reached ** piety under Makhleb
  2647 | D:3      | Found a transporter.
  2647 | D:3      | Noticed Loskel's ghost (amateur MiMo)
  2738 | D:3      | Reached XP level 4. HP: 28/36 MP: 7/7
  3486 | D:4      | Noticed a phantom
  3602 | D:4      | Slain by a phantom

Illustrated notes

Levels and vault maps discovered:
D:1:      wander_arrival_estate, layout_basic,
          hellmonk_ecumenical_altar_dog_temple, wad_floor_pattern_2,
          minmay_misc_feat_rows
D:2:      layout_rooms, minmay_tetromino_t4
D:3:      layout_basic, gammafunk_ghost_arena
D:4:      layout_basic, minmay_temple_entry_mist

Skill      XL: |  1  2  3 |
---------------+----------+-----
Armour         | 1 |  1.7
Long Blades    | 3 |  3.5
Fighting       | |  2.7
Throwing       | |  0.6
Dodging        | |  1.5
Spellcasting   | |  2.0
Translocations | |  3.0
Invocations    | |  0.1

Action                   |  1- 3 |  4- 6 || total
-------------------------+-------+-------++-------
Melee: Falchion          |   210 |    32 ||   242
       Tailslap          |    13 |     5 ||    18
       Long sword        |       |    20 ||    20
 Abil: Rolling Charge    |     9 |     5 ||    14
Armor: Leather armour    |    12 |       ||    12
       Plate armour      |   142 |    30 ||   172
Dodge: Dodged            |    39 |     8 ||    47
       Rpst.: Falchion   |    14 |     1 ||    15

Table legend: (Time is in decaauts)
 A = Elapsed time spent in this place.
 B = Non-inter-level travel time spent in this place.
 C = Inter-level travel time spent in this place.
 D = Time resting spent in this place.
 E = Time spent auto-exploring this place.
 F = Levels seen in this place.
 G = Mean time per level.
                   A        B        C        D        E       F      G
               +--------+--------+--------+--------+--------+-----+--------+
         Total |   3639 |   3591 |     48 |    893 |   2041 |   4 |  909.8 |
       Dungeon |   3639 |   3591 |     48 |    893 |   2041 |   4 |  909.8 |
               +--------+--------+--------+--------+--------+-----+--------+

Top non-repeatable levels by time:
     D:1: 1894 daAuts
     D:3: 1079 daAuts
     D:2: 481 daAuts
     D:4: 183 daAuts
